 Dungeon Crawl Stone Soup version 0.18.1-48-g4cf74bf (webtiles) character file.

54 Nahar the Conjurer (level 3, -1/19 HPs)
             Began as a Deep Elf Conjurer on Aug 15, 2016.
             Was an Initiate of Dithmenos.
             Slain by an orc (4 damage)
             ... on level 4 of the Dungeon.
             The game lasted 00:09:49 (1315 turns).

Nahar the Conjurer (Deep Elf Conjurer)              Turns: 1315, Time: 00:09:50

Health: -1/19      AC:  2    Str:  5    XL:     3   Next: 66%
Magic:  2/10       EV: 13    Int: 20    God:    Dithmenos [......]
Gold:   88         SH:  0    Dex: 15    Spells: 3 memorised, 3 levels left

rFire  . . .     SeeInvis .     (no weapon)
rCold  . . .     Gourm    .     a - +0 robe
rNeg   . . .     Faith    .     (no shield)
rPois  .         Spirit   .     (no helmet)
rElec  .         Dismiss  .     (no cloak)
rCorr  .         Reflect  .     (no gloves)
SustAt .         Harm     .     (no boots)
MR     .....                    (no amulet)
Stlth  ++........               (no ring)
                                (no ring)

@: very slightly contaminated, not resistant to hostile enchantments, unstealthy
A: no striking features
a: Renounce Religion


You were on level 4 of the Dungeon.
You worshipped Dithmenos.
Dithmenos was noncommittal.
You were not hungry.

You visited 1 branch of the dungeon, and saw 4 of its levels.

You collected 88 gold pieces.

Inventory:

Armour
 a - a +0 robe (worn)
 e - a cursed +0 leather armour
Potions
 d - a potion of cancellation {unknown}
 f - a potion of heal wounds {unknown}
 h - a potion of lignification {unknown}
Books
 b - a book of Conjurations

   Spells                             Type                      Level
   a - Magic Dart                     Conjuration                  1
   b - Searing Ray                    Conjuration                  2
   c - Dazzling Spray                 Conjuration/Hexes            3
   d - Fulminant Prism                Conjuration/Hexes            4
   e - Iskenderun's Mystic Blast      Conjuration                  4
   f - Iskenderun's Battlesphere      Conjuration/Charms           5
Comestibles
 c - 2 bread rations
 g - a fruit


   Skills:
 + Level 0.1 Fighting
 + Level 2.6 Dodging
 + Level 2.8 Stealth
 + Level 3.5 Spellcasting
 + Level 5.4 Conjurations


You had 3 spell levels left.
You knew the following spells:

 Your Spells              Type           Power        Failure   Level  Hunger
a - Magic Dart            Conj           ####         1%          1    None
b - Searing Ray           Conj           ####..       2%          2    ##.....
c - Dazzling Spray        Conj/Hex       ##....       14%         3    ###....


Dungeon Overview and Level Annotations

Branches:
Dungeon (4/15)
 Temple: D:4-7

Altars:
Dithmenos
Vehumet

Annotations:
D:3 Ijyb


Message History

Aim: Ijyb, wearing a runed leather armour (moderately wounded)
The magic dart hits Ijyb.
Ijyb is moderately wounded.
Ijyb barely misses you.
You see here a ring mail.
There is a stone staircase leading down here.
You climb downwards. 4 orcs and an orc priest come into view.
The orc shouts!
The orc priest shouts!
The orc shouts! x3
There is a stone staircase leading up here.
Wear which item? (? for menu, Esc to quit)
Keep disrobing?
Uppercase [Y]es or [N]o only, please.
Keep disrobing?
The orc priest mumbles some strange prayers to Beogh against you.
Pain shoots through your body!
Ouch! That really hurt!
* * * LOW HITPOINT WARNING * * *
The orc barely misses you. The orc hits you.
You die...

# ##.
#...######.....
......o@o.o....
#...####o......
# #......
#o.... #.##. .#
. #


You could see an orc priest and 4 orcs.

Vanquished Creatures
  2 adders
  2 dart slugs
  2 giant geckos
  10 bats
  5 hobgoblins
  3 kobolds (D:1)
  A goblin (D:2)
  5 rats
30 creatures vanquished.

Notes
Turn   | Place    | Note
--------------------------------------------------------------
     0 | D:1      | Nahar the Deep Elf Conjurer began the quest for the Orb.
     0 | D:1      | Reached XP level 1. HP: 10/10 MP: 6/6
   413 | D:1      | Reached XP level 2. HP: 15/15 MP: 6/8
   611 | D:1      | Reached skill level 5 in Conjurations
   706 | D:1      | Reached XP level 3. HP: 19/19 MP: 3/9
   722 | D:1      | Learned a level 2 spell: Searing Ray
   726 | D:1      | Learned a level 3 spell: Dazzling Spray
   888 | D:2      | Found a shadowy altar of Dithmenos.
   921 | D:2      | Became a worshipper of Dithmenos the Shadowed
  1019 | D:2      | Found a radiant altar of Vehumet.
  1284 | D:3      | Noticed Ijyb
  1315 | D:4      | Slain by an orc

Skill      XL: |  1  2 |
---------------+-------+-----
Conjurations   | 5 |  5.4
Fighting       | |  0.1
Dodging        | |  2.6
Stealth        | |  2.8
Spellcasting   | |  3.5

Action                   || total
-------------------------++-------
Melee: Unarmed           ||     5
 Cast: Magic Dart        ||    61
  Use: Scroll            ||     6
  Eat: Fruit             ||     2
Armor: Robe              ||     8
Dodge: Dodged            ||    16
